 Dungeon Crawl Stone Soup version 0.22.1-6-g1668fe2 (webtiles) character file.

757 BlackArrow the Shield-Bearer (level 7, -6/57 HPs)
             Began as a Minotaur Fighter on Sept 13, 2018.
             Mangled by an orc warrior
             ... wielding a cursed -2 long sword
              (7 damage)
             ... on level 5 of the Dungeon on Jan 26, 2019.
             The game lasted 00:54:14 (3528 turns).

BlackArrow the Shield-Bearer (Minotaur Fighter)     Turns: 3528, Time: 00:54:21

Health: -6/57      AC: 14    Str: 20 (22) XL:     7   Next: 50%
Magic:  6/6        EV:  6    Int:  2 (5)  God:
Gold:   220        SH: 10    Dex:  9 (10) Spells: 6/6 levels left

rFire    . . .     SeeInvis .   a - +0 war axe
rCold    . . .     Gourm    .   c - +0 shield
rNeg     . . .     Faith    .   B - +0 chain mail
rPois    .         Spirit   .   (helmet restricted)
rElec    .         Reflect  .   w - +0 cloak {hsj}
rCorr    .         Harm     .   (no gloves)
MR       .....                  A - +1 pair of boots
Stlth    ..........             (no amulet)
HPRegen  0.19/turn              m - ring of attention (curse)
MPRegen  0.10/turn              (no ring)

@: drained
A: retaliatory headbutt, horns 2, yellow scales 1, screaming 1
a: no special abilities


You were on level 5 of the Dungeon.
You were not hungry.

You visited 1 branch of the dungeon, and saw 5 of its levels.

You collected 220 gold pieces.

Inventory:

Hand Weapons
 a - a +0 war axe (weapon)
Armour
 b - a +0 scale mail
 c - a +0 shield (worn)
 w - a +0 cloak (worn) {hsj}
 A - a +1 pair of boots (worn)
 B - a +0 chain mail (worn)
Jewellery
 m - a cursed ring of attention (left hand)
Wands
 g - a wand of paralysis (14)
 v - a wand of disintegration (11)
Scrolls
 f - a scroll of fear {unknown}
 j - a scroll of teleportation {unknown}
 o - 3 scrolls of amnesia {unknown}
 q - 2 scrolls of enchant weapon {unknown}
 s - 2 scrolls of remove curse {unknown}
 u - a scroll of blinking {unknown}
 x - 2 scrolls of identify {unknown}
 y - a scroll of enchant armour {unknown}
 z - 2 scrolls of random uselessness {unknown}
Potions
 d - a potion of might
 i - a potion of heal wounds
 n - 2 potions of brilliance
 p - 2 potions of degeneration
Comestibles
 k - 11 rations
 t - a chunk of flesh


   Skills:
 - Level 3.6(3.0) Fighting
 + Level 7.6(6.9) Axes
 - Level 3.6(3.0) Armour
 * Level 7.8(7.1) Shields


You had 6 spell levels left.
You didn't know any spells.
Your spell library was empty.

Dungeon Overview and Level Annotations

Branches:
Dungeon (5/15)
 Temple: D:4-7

Altars:

Annotations:
D:3 2
D:5 Eustachio


Innate Abilities, Weirdness & Mutations

You reflexively headbutt those who attack you in melee.
You have a pair of horns on your head.
You are partially covered in yellow scales. (AC +2)
You occasionally shout uncontrollably at your foes.


Message History

You are too injured to fight recklessly!
You hit the wight.
The wight is almost destroyed.
Your chain mail prevents you from hitting the quokka.
The quokka bites you.
* * * LOW HITPOINT WARNING * * *
The gnoll sergeant hits you but does no damage.
The wight hits you but does no damage. You block the quokka's attack.
Unknown command.
You hit the wight.
You destroy the wight!
You closely miss the quokka. The bat hits you but does no damage.
You block the gnoll sergeant's attack. You block the quokka's attack.
You closely miss the orc warrior.
Your chain mail prevents you from hitting the quokka.
The gnoll sergeant completely misses you.
The quokka bites you.
* * * LOW HITPOINT WARNING * * *
The orc warrior hits you with a long sword!
You die...

#....### #...........
#...# ##...........
#..# ##............
##.............
#.............#
###..........#
###...........#
#######.....##...####
...##....#######@ob###
.......### ##r...#
.....### #g#@...#
......## #...g)......
.......## #$..........
........# #..###......
........# #..# #......
........# #.. ......
........# #.. ......


You could see Eustachio, an orc warrior, 2 gnoll sergeants, a quokka and a bat.

Vanquished Creatures
  An ice beast (D:3)
  A phantom (D:5)
  2 scorpions (D:4)
  2 wights (D:5)
  A hound (D:4)
  An orc priest (D:3)
  A jelly (D:2)
  Jessica (D:2)
  An iguana (D:5)
  A worker ant (D:4)
  An orc wizard (D:3)
  A hound skeleton (D:4)
  A worker ant zombie (D:5)
  Robin (D:3)
  5 adders
  2 oozes
  A worm (D:3)
  A dart slug (D:3)
  3 leopard geckos
  5 orcs (D:3)
  4 giant cockroaches
  25 goblins
  11 hobgoblins
  4 jackals
  3 quokkas
  3 ball pythons
  11 bats
  A frilled lizard (D:4)
  7 kobolds
  10 rats
112 creatures vanquished.

Notes
Turn   | Place    | Note
-------+----------+-------------------------------------------
     0 | D:1      | BlackArrow the Minotaur Fighter began the quest for the
                  | Orb.
     0 | D:1      | Reached XP level 1. HP: 19/19 MP: 0/0
   255 | D:1      | Reached XP level 2. HP: 23/26 MP: 1/1
   847 | D:1      | Upgraded the game from 0.22.0-75-g3901e79 to
                  | 0.22.1-1-ga44c0e5
   850 | D:1      | Upgraded the game from 0.22.1-1-ga44c0e5 to
                  | 0.22.1-6-g1668fe2
   943 | D:2      | Reached XP level 3. HP: 26/31 MP: 2/2
  1037 | D:2      | Reached skill level 5 in Shields
  1072 | D:2      | Noticed Jessica
  1075 | D:2      | Killed Jessica
  1075 | D:2      | Reached XP level 4. HP: 23/39 MP: 3/3
  1685 | D:3      | Noticed an ice beast
  1695 | D:3      | Killed an ice beast
  1695 | D:3      | Reached XP level 5. HP: 29/45 MP: 4/4
  1875 | D:3      | Reached skill level 5 in Axes
  1880 | D:3      | Reached XP level 6. HP: 46/51 MP: 5/5
  2133 | D:3      | Noticed Robin
  2144 | D:3      | Killed Robin
  2867 | D:4      | Reached XP level 7. HP: 56/57 MP: 6/6
  3291 | D:5      | Entered Level 5 of the Dungeon
  3491 | D:5      | Noticed Eustachio
  3498 | D:5      | Gained mutation: You occasionally shout uncontrollably at
                  | your foes. [potion of mutation]
  3498 | D:5      | Gained mutation: You are partially covered in yellow
                  | scales. (AC +2) [potion of mutation]
  3528 | D:5      | HP: 1/57 [quokka[Eustachio] (3)]
  3528 | D:5      | Mangled by an orc warrior

Skill      XL: |  1  2  3  4  5  6  7 |
---------------+----------------------+-----
Shields        | 4 5 6 7 |  7.8
Axes           | 3 4 5 6 7 |  7.6
Fighting       | |  3.6
Armour         | |  3.6

Action                   |  1- 3 |  4- 6 |  7- 9 || total
-------------------------+-------+-------+-------++-------
Melee: War axe           |    75 |   133 |    62 ||   270
       Headbutt          |     9 |    23 |    11 ||    43
  Use: Potion            |     1 |       |     6 ||     7
  Eat: Ration            |     1 |       |       ||     1
       Chunk             |       |     2 |     3 ||     5
Armor: Scale mail        |    23 |    54 |    18 ||    95
       Chain mail        |       |       |    65 ||    65
Dodge: Dodged            |    27 |    48 |    43 ||   118
Block: Shield            |    41 |    82 |    63 ||   186
